 Dungeon Crawl Stone Soup version 0.27.1-1-g398f81649c (webtiles) character file.

Game seed: 13970610687102153394

32 bnorton916 the Conjurer (level 3, -1/19 HPs)
             Began as a Deep Elf Conjurer on Sept 19, 2021.
             Slain by Sigmund (5 damage)
             ... on level 2 of the Dungeon.
             The game lasted 00:01:11 (789 turns).

bnorton916 the Conjurer (Deep Elf Conjurer)          Turns: 789, Time: 00:01:12

Health: -1/19      AC:  6    Str:  4    XL:     3   Next: 8%
Magic:  10/10      EV: 12    Int: 23    God:
Gold:   63         SH:  0    Dex: 11    Spells: 7/10 levels left

rFire    . . .     SeeInvis .   (no weapon)
rCold    . . .     Faith    .   (no shield)
rNeg     . . .     Spirit   .   a - +0 robe
rPois    .         Reflect  .   (no helmet)
rElec    .         Harm     .   e - +0 cloak
rCorr    .         Rampage  .   (no gloves)
Will     .....                  b - +2 pair of boots
Stlth    ++........             d - amulet of regeneration
HPRegen  1.06/turn              (no ring)
MPRegen  0.12/turn              (no ring)

@: no status effects
A: clumsy 1
a: no special abilities


You were on level 2 of the Dungeon.
You visited 1 branch of the dungeon, and saw 2 of its levels.

You collected 63 gold pieces.

Inventory:

Armour
 a - a +0 robe (worn)
 b - a +2 pair of boots (worn)
 c - a +1 ring mail of poison resistance
 e - a +0 cloak (worn)
Jewellery
 d - an amulet of regeneration (around neck)
Scrolls
 f - a scroll of teleportation {unknown}


   Skills:
 - Level 2.4 Dodging
 - Level 2.4 Stealth
 + Level 4.1 Spellcasting
 + Level 5.0 Conjurations


You had 7 spell levels left.
You knew the following spells:

 Your Spells              Type           Power      Damage    Failure   Level
a - Magic Dart            Conj           100%       1d8       1%          1
b - Searing Ray           Conj           54%        3d5       1%          2

Your spell library contained the following spells:

 Spells                   Type           Power      Damage    Failure   Level
 Dazzling Flash           Conj/Hex       32%        N/A       11%         3
 Fulminant Prism          Conj/Hex       8%         3d7       36%         4
 Iskenderun's Mystic Bla  Conj/Tloc      16%        2d5       36%         4


Dungeon Overview and Level Annotations

Branches:
Dungeon (2/15)

Altars:

Annotations:
D:2 Sigmund


Innate Abilities, Weirdness & Mutations

You are clumsy. (Dex -2)


Message History

Aim: Sigmund, wielding a +1 scythe of freezing and wearing a +0 robe (asleep, 100% to hit)
The magic dart hits Sigmund.
Sigmund is lightly wounded.
Sigmund shouts!
The hobgoblin shouts!
You hear a shout!
Sigmund points at you and mumbles some strange words.
You are confused.
You're too confused to cast spells.
You're too confused to move!
Unknown command.
Unknown command.
It was a potion of ambrosia.
You are more confused.
You feel invigorated.
It was a potion of mutation.
You feel extremely strange.
You feel clumsy.
You're too confused to cast spells.
Sigmund casts a spell.
Sigmund flickers and vanishes!
Deactivating autopickup; reactivate with Ctrl-A.
Unknown command.
Okay, then.
Unknown command.
You bump into the rock wall.
You feel less invigorated.
The hobgoblin hits you but does no damage.
You are too confused!
You hear some strange, mumbled words.
A puff of flame appears from out of thin air!
The puff of flame hits you.
The hobgoblin hits you but does no damage.
Something hits you. Something freezes you.
The hobgoblin hits you but does no damage.
You bump into the rock wall.
You feel less confused.
You hear some strange, mumbled words.
A magic dart appears from out of thin air!
The magic dart hits you!
* * * LOW HITPOINT WARNING * * *
The hobgoblin hits you but does no damage.
Something hits you.
You die...

.# ##.##...# #.....#
...######.....# #.....#
#..........### #...<.#
###.....##...### #.....#
#..##.#####...# #.....# ....
#.†.#####.## ###.###
.....####..####..#########.#
..........{.g...........#.###
....#####...@.......##†......
. #####.......##.......
#.......##.......
#.......##.......
#........#.......
#..............##
............#### .###########


You could see a hobgoblin.

Vanquished Creatures
  An adder (D:2)
  A worm (D:2)
  2 dart slugs (D:1)
  A ball python (D:2)
  A giant cockroach (D:1)
  A goblin (D:1)
  2 hobgoblins (D:1)
  2 quokkas (D:1)
  3 kobolds (D:1)
  A rat (D:2)
15 creatures vanquished.

Notes
Turn   | Place    | Note
-------+----------+-------------------------------------------
     0 | D:1      | bnorton916 the Deep Elf Conjurer began the quest for the
                  | Orb.
     0 | D:1      | Reached XP level 1. HP: 10/10 MP: 6/6
   136 | D:1      | Reached XP level 2. HP: 15/15 MP: 0/8
   327 | D:1      | Learned a level 2 spell: Searing Ray
   703 | D:2      | Reached skill level 5 in Conjurations
   703 | D:2      | Reached XP level 3. HP: 19/19 MP: 5/10
   773 | D:2      | Noticed Sigmund
   778 | D:2      | Gained mutation: You are clumsy. (Dex -2) [potion of
                  | mutation]
   789 | D:2      | Slain by Sigmund

Illustrated notes

Levels and vault maps discovered:
D:1:      lemuel_arrival_funnel, layout_rooms
D:2:      layout_rooms, serial_shops, nicolae_diamond_shop, uniq_robin,
          uniq_terence, uniq_sigmund, uniq_jessica

Skill      XL: |  1  2 |
---------------+-------+-----
Spellcasting   | 4 |  4.1
Conjurations   | 5 |  5.0
Dodging        | |  2.4
Stealth        | |  2.4

Action                   || total
-------------------------++-------
 Cast: Magic Dart        ||    41
  Use: Potion            ||     2
Armor: Robe              ||     6
Dodge: Dodged            ||     2
